[Event "*** Titled Tuesday Blitz"]
[Site "Chess.com"]
[Date "2019.11.05"]
[Round "9"]
[White "SCIM"]
[Black "RoelandPruijssers"]
[Result "1-0"]
[WhiteElo "2513"]
[BlackElo "2631"]
[TimeControl "180+2"]
[EndTime "15:06:55 PST"]
[Termination "SCIM won by resignation"]

1. d4 f5 2. Nf3 Nf6 3. Bf4 g6 4. e3 d6 5. c4 Bg7 6. Nc3 O-O 7. c5 e6 8. cxd6 cxd6 9. Be2 Qe7 10. O-O a6 11. a4 h6 12. h4 Ng4 13. Qb3 Kh7 14. Rac1 Nc6 15. d5 Nce5 16. Nd4 exd5 17. Nxd5 Qxh4 18.
Bg3 Qd8 19. Nc7 Rb8 20. Nce6 Qf6 21. Nxf8+ Qxf8 22. Rc7 Nf6 23. Rfc1 Ne4 24. Bxe5 dxe5 25. Rf7 Qg8 26. Rcc7 exd4 27. Rxg7+ Qxg7 28. Rxg7+ Kxg7 29. Qd5 Ra8 30. Bc4 Ng5 31. Qxd4+ Kh7 32. Qd8 h5 1-0

[Event "*** Titled Tuesday Blitz"]
[Site "Chess.com"]
[Date "2019.11.05"]
[Round "9"]
[White "Bathory44"]
[Black "Oligan22"]
[Result "0-1"]
[WhiteElo "2602"]
[BlackElo "2480"]
[TimeControl "180+2"]
[EndTime "15:07:04 PST"]
[Termination "Oligan22 won by resignation"]

1. e4 c6 2. c4 d5 3. exd5 cxd5 4. cxd5 Nf6 5. Nc3 Nxd5 6. Nf3 Nc6 7. Bb5 Nxc3 8. bxc3 Qc7 9. O-O Bg4 10. h3 Bh5 11.
Re1 e6 12. d4 Be7 13. d5 Rd8 14. c4 O-O 15. Bb2 a6 16. Ba4 b5 17. cxb5 Rxd5 18.
Qe2 axb5 19. Bb3 Bxf3 20. Qxf3 Nd4 21. Bxd4 Rxd4 22. Rac1 Qb6 23. Rc6 Qa5 24. Rec1 Bg5 25. R1c2 Qe1+ 26. Kh2 Rf4 27. Qg3 Rf5 28. Qg4 Bf4+ 29.
g3 Be5 30. Kg2 h5 31. Qe4 Qxe4+ 0-1

[Event "*** Titled Tuesday Blitz"]
[Site "Chess.com"]
[Date "2019.11.05"]
[Round "9"]
[White "snowlord"]
[Black "IMAghasiyevKamal"]
[Result "1-0"]
[WhiteElo "2709"]
[BlackElo "2433"]
[TimeControl "180+2"]
[EndTime "15:07:04 PST"]
[Termination "snowlord won by checkmate"]

1. c4 Nf6 2. Nc3 g6 3. g3 Bg7 4. Bg2 O-O 5. Nf3 d6 6. O-O Nc6 7. Rb1 a5 8. a3 e5 9. d3 h6 10. b4 axb4 11. axb4 Be6 12. b5 Ne7 13. Bb2 Qd7 14. e4 Bh3 15. Ra1 Bxg2 16. Kxg2 Nh5 17. Nd2 Rxa1 18. Bxa1 f5 19. exf5 Nxf5 20. Nde4 c6 21. bxc6 bxc6 22. Bb2 Kh7 23. Ba3 d5 24. Bxf8 Bxf8 25. cxd5 cxd5 26. Qxh5 dxe4 27. Nxe4 Qxd3 28. Qf3 Qa6 29. Rd1 Bg7 30. Rd7 Kh8 31. h4 Qe6 32.
Rb7 Qc4 33. h5 Nd4 34. Rb8+ Kh7 35. hxg6+ Kxg6 36. Rb6+ Kh7 37. Ng5+ hxg5 38. Qh5+ Kg8 39. Rb8+ Bf8 40. Qg6+ Kh8 41. Rxf8+ Qg8 42. Qh6# 1-0

[Event "*** Titled Tuesday Blitz"]
[Site "Chess.com"]
[Date "2019.11.05"]
[Round "9"]
[White "vanyakuba"]
[Black "kingofthenil"]
[Result "0-1"]
[WhiteElo "2389"]
[BlackElo "2540"]
[TimeControl "180+2"]
[EndTime "15:07:23 PST"]
[Termination "kingofthenil won by resignation"]

1. e4 Nc6 2. Nc3 e5 3. Nf3 Nf6 4. g3 Bb4 5. d3 O-O 6. Bg2 d5 7.
exd5 Nxd5 8. Bd2 Be6 9. O-O f6 10. a3 Be7 11. Re1 Qd7 12. b4 Rad8 13. b5 Nb8 14. a4 Rfe8 15. Nh4 Bf8 16. Rb1 c6 17. Qc1 Rc8 18. bxc6 Nxc6 19. Nxd5 Bxd5 20. Bxd5+ Qxd5 21. Nf5 g6 22. Ne3 Qd7 23. Qd1 Bc5 24. Nc4 Nd4 25.
c3 Ne6 26. Qe2 Rcd8 27. a5 Kg7 28. h4 Re7 29. h5 Qxd3 30. h6+ Kf7 31. Nxe5+ fxe5 32.
Qxe5 Qxd2 33. Re2 Qxh6 34. Kg2 Qg7 35. Qe4 Qf6 36. Rxb7 Rdd7 37. Rxd7 Rxd7 38. a6 Qf5 39. Qc4 Qd5+ 40. Qxd5 Rxd5 41. Rb2 Bb6 42. c4 Ra5 0-1

[Event "*** Titled Tuesday Blitz"]
[Site "Chess.com"]
[Date "2019.11.05"]
[Round "9"]
[White "ranu540"]
[Black "DonPreuss"]
[Result "1/2-1/2"]
[WhiteElo "1731"]
[BlackElo "2124"]
[TimeControl "180+2"]
[EndTime "15:07:28 PST"]
[Termination "Game drawn - insufficient material"]

1. d4 Nc6 2. d5 Ne5 3. f4 Ng6 4. e4 e5 5. f5 Qh4+ 6. Kd2 Qxe4 7. fxg6 Qxd5+ 8. Ke1 Qxd1+ 9. Kxd1 hxg6 10. Nc3 c6 11. Nf3 f6 12. Be2 d5 13. Bd2 g5 14. Kc1 g4 15. Ne1 f5 16. Nd3 Bd6 17. b3 Nf6 18. Kb2 Bd7 19. Rae1 O-O-O 20. Bd1 Rde8 21. a4 d4 22. Ne2 Ne4 23. Bc1 f4 24. Ref1 g5 25. Nf2 Nxf2 26. Rxf2 c5 27. g3 f3 28.
Ng1 e4 29. Bxg5 e3 30. Rf1 Bc6 31. Nxf3 gxf3 32. Bxf3 Bxf3 33. Rxf3 e2 34. Bd2 Rhf8 35.
Rxf8 Rxf8 36. Re1 Rf2 37. Bf4 Bxf4 38. gxf4 Rxh2 39. f5 Kd7 40. Kc1 Rf2 41. Kd2 Kd6 42.
Rxe2 Rxf5 43. Kd3 a6 44. Kc4 Rf6 45. a5 Kc6 46. b4 d3 47. cxd3 Rf4+ 48. Re4 Rxe4+ 49.
dxe4 cxb4 50. Kxb4 b6 51. axb6 Kxb6 52. e5 Kc6 53. Ka5 Kd5 54. Kxa6 Kxe5 1/2-1/2

[Event "*** Titled Tuesday Blitz"]
[Site "Chess.com"]
[Date "2019.11.05"]
[Round "9"]
[White "RitvarsReimanis"]
[Black "WinningButNotReally"]
[Result "0-1"]
[WhiteElo "2595"]
[BlackElo "2456"]
[TimeControl "180+2"]
[EndTime "15:07:30 PST"]
[Termination "WinningButNotReally won on time"]

1. d4 Nf6 2. c4 g6 3. Nc3 d5 4.
e3 Bg7 5. Qb3 dxc4 6. Bxc4 O-O 7.
Nf3 e6 8. O-O Nc6 9. Be2 b6 10.
Bd2 Bb7 11. Rac1 Na5 12. Qd1 Nd5 13. Nxd5 Bxd5 14. Bxa5 bxa5 15. Qa4 c6 16. Rc5 Rb8 17. b3 g5 18. Rxa5 g4 19. Nd2 Qg5 20. Rc1 f5 21.
Rd1 f4 22. e4 f3 23. Bf1 fxg2 24. Bxg2 Qf4 25. exd5 Qxf2+ 26. Kh1 Qe2 27. Rg1 Qxd2 28. dxc6 Bxd4 29. Rxa7 Qf2 30. Rd1 Bxa7 31. Qxg4+ Kh8 32. c7 Rbc8 33. Qxe6 Bd4 34. Qd7 Be5 35. Rc1 Qf4 0-1

[Event "*** Titled Tuesday Blitz"]
[Site "Chess.com"]
[Date "2019.11.05"]
[Round "9"]
[White "ferdipy"]
[Black "misha_chessone"]
[Result "1-0"]
[WhiteElo "2219"]
[BlackElo "2329"]
[TimeControl "180+2"]
[EndTime "15:07:30 PST"]
[Termination "ferdipy won by resignation"]

1. e4 e6 2. d4 d5 3. e5 c5 4. c3 Nc6 5. Nf3 Qb6 6. a3 a5 7. b3 Bd7 8. Be3 cxd4 9. cxd4 Nge7 10. Bd3 Nf5 11. Bc2 Be7 12. O-O O-O 13. g4 Nxe3 14. fxe3 f6 15. exf6 Bxf6 16. Qd3 g6 17. h4 Bg7 18.
Nc3 Rad8 19. h5 Be8 20. Ng5 Qc7 21. Nxe6 Qg3+ 22. Kh1 Qh3+ 23. Kg1 Qxg4+ 24. Kh2 Qxe6 25.
Rxf8+ Bxf8 26. Rg1 Bd6+ 27. Kg2 Qg4+ 28. Kf1 Qf3+ 29.
Ke1 Bg3+ 30. Kd2 Qf2+ 31. Ne2 Bh2 32. Rg5 Qf6 33. Rg2 Bd6 34. Qb5 Bf8 35. Qxb7 Qe7 36. hxg6 Bg7 37. gxh7+ Kh8 38. Qb6 Bd7 39. Nf4 Be8 40.
Qxc6 Qxa3 41. Qc5 Qxc5 42. dxc5 Bb5 43. Rxg7 Kxg7 44. Ne6+ Kf6 45. Nxd8 1-0

[Event "*** Titled Tuesday Blitz"]
[Site "Chess.com"]
[Date "2019.11.05"]
[Round "9"]
[White "mikhaillushenkov"]
[Black "Keaton87"]
[Result "0-1"]
[WhiteElo "2694"]
[BlackElo "2591"]
[TimeControl "180+2"]
[EndTime "15:07:33 PST"]
[Termination "Keaton87 won by resignation"]

1. Nf3 d5 2. d4 Nf6 3. c4 e6 4. Nc3 Be7 5. Qc2 O-O 6. e4 dxe4 7. Nxe4 Nxe4 8. Qxe4 c5 9. Bd2 cxd4 10. Qxd4 Nc6 11. Qxd8 Rxd8 12. Bc3 Nb4 13. Bxb4 Bxb4+ 14. Ke2 b6 15. a3 Be7 16. b4 Bb7 17. Ke3 a5 18. bxa5 Bc5+ 19. Kf4 Rxa5 20. Kg3 Bxa3 21. Be2 Bd6+ 22.
Kh3 Rh5+ 23. Kg4 g6 24. h4 e5 25. Ng5 h6 26. Kh3 hxg5 27. Bxh5 gxh5 28. hxg5 Be4 29.
Rhd1 Kg7 30. Ra6 Be7 31. Rxd8 Bxd8 32. Kh4 Bd3 33. Ra8 Be7 34. Re8 Bc5 35. f3 Bxc4 36.
Rxe5 Kg6 37. Re8 b5 38. g3 Be6 39. Rg8+ Kh7 40. Rb8 b4 41. Kxh5 b3 42. f4 Bd4 43.
f5 Bd5 44. g6+ fxg6+ 45. fxg6+ Kg7 0-1

[Event "*** Titled Tuesday Blitz"]
[Site "Chess.com"]
[Date "2019.11.05"]
[Round "9"]
[White "Siemba"]
[Black "NikolaMa2000"]
[Result "1-0"]
[WhiteElo "2205"]
[BlackElo "2021"]
[TimeControl "180+2"]
[EndTime "15:07:37 PST"]
[Termination "Siemba won by resignation"]

1. e4 e6 2. h4 d5 3. exd5 exd5 4. h5 h6 5. d4 Nf6 6. a4 Bf5 7. a5 Bd6 8. a6 Nxa6 9. Bxa6 bxa6 10. Nf3 O-O 11. Be3 Re8 12. Nc3 Bb4 13. Rxa6 Ne4 14.
O-O Bxc3 15. bxc3 Nxc3 16. Qa1 Ne2+ 17. Kh1 Re4 18. g3 Rxe3 19. fxe3 Nxg3+ 20. Kg2 Nxf1 21. Kxf1 Bxc2 22. Kf2 Be4 23. Qg1 Kh7 24. Qg3 Qd7 25. Ne5 Qf5+ 26. Ke1 Qxh5 27. Ng4 Qh1+ 28. Kf2 f5 29.
Ne5 g5 30. Nf7 Qh4 31. Rxh6+ Kg7 32. Rxh4 Kxf7 33. Qxg5 1-0

[Event "*** Titled Tuesday Blitz"]
[Site "Chess.com"]
[Date "2019.11.05"]
[Round "9"]
[White "AyelenChess"]
[Black "WPWPWP-2015"]
[Result "0-1"]
[WhiteElo "2070"]
[BlackElo "2479"]
[TimeControl "180+2"]
[EndTime "15:07:40 PST"]
[Termination "WPWPWP-2015 won by resignation"]

1. e4 c5 2. Nf3 e6 3. d4 cxd4 4. Nxd4 Nc6 5. Nc3 Qc7 6. Be3 a6 7. Nxc6 bxc6 8. f4 d6 9. Bd3 Nf6 10. O-O Be7 11. Kh1 e5 12. f5 Bb7 13. Na4 Nd7 14. Qg4 Bf6 15. c4 h5 16. Qg3 h4 17.
Qg4 h3 18. c5 hxg2+ 19. Qxg2 d5 20. Bg5 O-O-O 21. Rac1 Rh5 22. Bd2 Rdh8 23. Rc3 Qa5 24. Nb6+ Nxb6 25. cxb6 Qa4 26. exd5 c5 27. Rxc5+ Kb8 28.
Rc4 Qd7 29. Be4 Bxd5 30. Bxd5 Rxh2+ 31. Qxh2 Qxd5+ 32. Kg1 Rxh2 33. Kxh2 Qxc4 0-1

[Event "*** Titled Tuesday Blitz"]
[Site "Chess.com"]
[Date "2019.11.05"]
[Round "9"]
[White "kinga2008"]
[Black "WeAintSurePal"]
[Result "1-0"]
[WhiteElo "1981"]
[BlackElo "2454"]
[TimeControl "180+2"]
[EndTime "15:07:41 PST"]
[Termination "kinga2008 won by checkmate"]

1. e4 c6 2. d4 d5 3. exd5 cxd5 4. c4 Nf6 5. Nc3 Nc6 6. Nf3 Bg4 7. cxd5 Nxd5 8. Be3 e6 9. Bc4 Bb4 10. Bxd5 Qxd5 11.
O-O Bxc3 12. bxc3 Bxf3 13. Qxf3 Qxf3 14. gxf3 Na5 15. Rab1 Rc8 16. Rfc1 b6 17. Rb5 Kd7 18. Kf1 Rc4 19. Ke2 Rhc8 20. Kd3 Ra4 21. Rc2 Nc4 22.
Rb4 Rxb4 23. cxb4 b5 24. a4 a6 25. axb5 axb5 26. Ra2 Rc7 27. Bf4 Rb7 28. Ra8 Ke7 29.
Rg8 Kf6 30. h4 Rd7 31. Ke4 Rd5 32. Rc8 h6 33. Rc5 Nb6 34. Bc7 Rxc5 35. dxc5 Nd5 36.
Bd8+ Kg6 37. c6 f5+ 38. Ke5 Kf7 39. c7 Nb6 40. Kd6 Nc8+ 41. Kd7 Nb6+ 42. Kc6 Nc8 43.
Kxb5 Ke8 44. Kc6 g5 45. hxg5 h5 46. g6 h4 47. Bxh4 Kf8 48. b5 Kg7 49. b6 Kxg6 50. b7 Na7+ 51. Kb6 Nc8+ 52. bxc8=Q Kh6 53. Qxe6+ Kh5 54. Bg3 f4 55. Qg4+ Kh6 56. Bxf4+ Kh7 57. Be5 Kh6 58. f4 Kh7 59. Qg7# 1-0

[Event "*** Titled Tuesday Blitz"]
[Site "Chess.com"]
[Date "2019.11.05"]
[Round "9"]
[White "colegiodemadrid"]
[Black "pedro_gines"]
[Result "0-1"]
[WhiteElo "2414"]
[BlackElo "2541"]
[TimeControl "180+2"]
[EndTime "15:07:42 PST"]
[Termination "pedro_gines won by resignation"]

1. Nf3 d6 2. d4 f5 3. g3 Nf6 4. Bg2 g6 5. O-O Bg7 6. c4 O-O 7. Nc3 Nc6 8. d5 Ne5 9. Nxe5 dxe5 10. e4 f4 11. gxf4 exf4 12. Bxf4 Nxe4 13. Bg3 Nxg3 14. hxg3 e6 15. Qd3 exd5 16. Bxd5+ Kh8 17. Rad1 Bf5 18. Be4 Qxd3 19. Bxd3 Bxc3 20. bxc3 Bg4 21. Rb1 b6 22. c5 Bf3 23. Rfe1 Kg7 24. Be4 Rae8 25.
Bxf3 Rxe1+ 26. Rxe1 Rxf3 27. cxb6 axb6 28. Re7+ Rf7 29. Re4 Rf5 30. Re7+ Rf7 31. Re4 Kf6 32. Kg2 c5 33. a4 Ra7 34. f4 h5 35. Kf3 Kf5 36.
Re5+ Kf6 37. Re4 Rd7 38. Rc4 Rd3+ 39. Kf2 Rd2+ 40. Kf3 Ra2 41. Ke4 Rg2 42. Kf3 Ra2 43. Ke4 Ra3 44. Kf3 Kf5 45. Kf2 Kg4 46. Re4 Rxc3 47.
Re6 Rf3+ 48. Ke2 Rxg3 49. Rxg6+ Kxf4 50. Rxb6 Ke4 51. Rh6 Rg2+ 52. Kf1 Rh2 53. a5 c4 54. a6 c3 55. Ke1 Rh1+ 56. Ke2 c2 57. a7 Rh2+ 0-1

[Event "*** Titled Tuesday Blitz"]
[Site "Chess.com"]
[Date "2019.11.05"]
[Round "9"]
[White "Perecke"]
[Black "chanchakman"]
[Result "0-1"]
[WhiteElo "2133"]
[BlackElo "2151"]
[TimeControl "180+2"]
[EndTime "15:07:42 PST"]
[Termination "chanchakman won on time"]

1. e4 Nf6 2. e5 Nd5 3. d4 d6 4. c4 Nb6 5. f4 dxe5 6. fxe5 Bf5 7. Nf3 e6 8. Nc3 Bb4 9. Be2 c5 10. Be3 cxd4 11. Nxd4 Bg6 12. O-O O-O 13. Qb3 Bc5 14. Rad1 Nc6 15. Ncb5 Nxd4 16. Nxd4 Qc7 17. Nf3 Rad8 18.
Bxc5 Qxc5+ 19. Kh1 Rxd1 20. Rxd1 Qf2 21. Bd3 Bh5 22. Be4 Qe2 23. Re1 Qxc4 24. Qe3 Qxa2 25. Ng5 h6 26. Qh3 Qa5 27. Rg1 Be2 28. Nxe6 Re8 29. Qf5 Rxe6 30. Qh7+ Kf8 31. Qh8+ Ke7 32. Bh7 Qxe5 0-1

[Event "*** Titled Tuesday Blitz"]
[Site "Chess.com"]
[Date "2019.11.05"]
[Round "9"]
[White "Mikhail_Golubev"]
[Black "pedroholly22"]
[Result "1-0"]
[WhiteElo "2632"]
[BlackElo "2410"]
[TimeControl "180+2"]
[EndTime "15:07:45 PST"]
[Termination "Mikhail_Golubev won by resignation"]

1. e4 c5 2. Nf3 g6 3. Nc3 Bg7 4. d4 cxd4 5. Nxd4 Nc6 6. Be3 Nf6 7. Nxc6 bxc6 8. e5 Ng8 9. Bd4 f6 10. f4 Qa5 11. Qd2 fxe5 12. fxe5 Bxe5 13. Qg5 d6 14. Bxe5 Qxe5+ 15. Qxe5 dxe5 16. Bc4 Nf6 17. O-O-O Bf5 18. h3 h5 19. g4 Be4 20. Nxe4 Nxe4 21. Bd3 Ng3 22.
Rhg1 e4 23. Rxg3 exd3 24. Rdxd3 hxg4 25. Rxg4 Rh6 26. Ra3 Rd8 27. Rxa7 Rxh3 28. b3 Rd6 29. Re4 e6 30. Rg7 Rg3 31. a4 Kf8 32. Rc7 g5 33. a5 Rd5 34. a6 Ra5 35. a7 Rg1+ 36. Kb2 Rga1 37. Rb4 R1a2+ 38. Kc3 Rc5+ 39. Rc4 Rxc4+ 40.
bxc4 g4 41. Rc8+ Kf7 42. a8=Q Rxa8 1-0

[Event "*** Titled Tuesday Blitz"]
[Site "Chess.com"]
[Date "2019.11.05"]
[Round "9"]
[White "GadimbayliA"]
[Black "ChessWarrior7197"]
[Result "0-1"]
[WhiteElo "2933"]
[BlackElo "2967"]
[TimeControl "180+2"]
[EndTime "15:07:46 PST"]
[Termination "ChessWarrior7197 won on time"]

1. e4 c5 2. Nf3 d6 3. d4 cxd4 4.
Nxd4 Nf6 5. Nc3 a6 6. g3 e5 7.
Nf3 Be7 8. Bg2 O-O 9. O-O b5 10.
a4 b4 11. Nd5 Nxd5 12. Qxd5 Ra7 13. Be3 Be6 14. Qd3 Rb7 15. Nd2 Qc7 16. f4 Rc8 17. Rfc1 exf4 18. gxf4 Bd7 19. Kh1 Bf6 20. e5 dxe5 21. Ne4 Be7 22. fxe5 Qxe5 23. Bd4 Qc7 24. Rg1 Bc6 25. Bf3 g6 26. Qe3 Nd7 27. Rg2 Bf8 28.
Rag1 Re8 29. Qd3 Bxe4 30. Bxe4 Nc5 31. Bxc5 Bxc5 32. Rf1 Rb6 33. Bd5 Re7 34. Qc4 Kg7 35.
Qd3 Qe5 36. b3 Rd6 37. Rd1 Red7 0-1

[Event "*** Titled Tuesday Blitz"]
[Site "Chess.com"]
[Date "2019.11.05"]
[Round "9"]
[White "sergeikim"]
[Black "Tsschessulover"]
[Result "1-0"]
[WhiteElo "2547"]
[BlackElo "2416"]
[TimeControl "180+2"]
[EndTime "15:07:49 PST"]
[Termination "sergeikim won by resignation"]

1. d4 e6 2. c4 b6 3. Nc3 Bb7 4. a3 Nf6 5. Nf3 Be7 6. g3 O-O 7. Bg2 d5 8. cxd5 exd5 9. Ne5 Nbd7 10. O-O Ne4 11. f4 c5 12. e3 cxd4 13. exd4 Rc8 14.
Bd2 Nxe5 15. fxe5 Bg5 16. Nxe4 dxe4 17. Bxg5 Qxg5 18. Rf4 f5 19. d5 Qe7 20. Qd4 Rfd8 21. d6 Qe6 22. Bf1 Rc5 23. Bh3 g6 24. g4 Rc4 25. Qe3 Qxe5 26. gxf5 Bc8 27. Raf1 g5 28. R4f2 h6 29. Bg2 Rxd6 30. f6 Kf7 31. Qe2 Rc7 32. Qh5+ Ke6 33. f7 e3 34. f8=Q exf2+ 35. Qxf2 Re7 36.
Bh3+ Kd5 37. Bxc8 1-0

[Event "*** Titled Tuesday Blitz"]
[Site "Chess.com"]
[Date "2019.11.05"]
[Round "9"]
[White "Kostya_Nikologorskiy"]
[Black "liczner"]
[Result "0-1"]
[WhiteElo "2572"]
[BlackElo "2803"]
[TimeControl "180+2"]
[EndTime "15:07:50 PST"]
[Termination "liczner won by resignation"]

1. d4 Nf6 2. c4 g6 3. Nc3 d5 4.
Nf3 Bg7 5. Qb3 dxc4 6. Qxc4 O-O 7.
e4 Nc6 8. Be2 Bg4 9. d5 Na5 10.
Qb4 Bxf3 11. Bxf3 c6 12. O-O Qb6 13. Qa4 Nd7 14. Rd1 Rfd8 15. g3 Rac8 16. Bg4 Nc5 17.
Qc2 Ra8 18. Be3 Nc4 19. Bxc5 Qxc5 20. Na4 Qb4 21. a3 Qa5 22. Qxc4 b5 23. Qxc6 bxa4 24. Qc2 Rab8 25. Rab1 Rb3 26. Rd3 Rxd3 27. Qxd3 Rb8 28. Qc2 h5 29. Bd7 Qb6 30. Qxa4 Bxb2 31. Qc2 Qd4 32.
a4 Rb4 33. a5 Bc3 34. Rc1 Rb2 0-1

[Event "*** Titled Tuesday Blitz"]
[Site "Chess.com"]
[Date "2019.11.05"]
[Round "9"]
[White "Qvalda"]
[Black "MFBerna"]
[Result "1-0"]
[WhiteElo "2535"]
[BlackElo "2316"]
[TimeControl "180+2"]
[EndTime "15:07:56 PST"]
[Termination "Qvalda won on time"]

1. d4 d5 2. Nf3 Nf6 3. Bg5 c5 4.
Bxf6 exf6 5. e3 Nc6 6. c3 c4 7. b3 cxb3 8. axb3 Be7 9. Nbd2 O-O 10. Bd3 Be6 11. O-O Qd7 12. c4 b6 13. Qe2 Nb4 14.
Bb1 a5 15. Rc1 Rfc8 16. h3 g6 17. e4 dxe4 18. Nxe4 Kg7 19. d5 Bxd5 20. Rd1 f5 21.
Qb2+ Kg8 22. Ng3 Qd6 23. cxd5 Bf6 24. Qa3 Bxa1 25. Qxa1 Rc7 26. Bxf5 gxf5 27. Nh5 f6 28. Nxf6+ Kf8 29. Nh5 Kg8 30. Nf6+ Kf8 31. Ng5 Re7 32. Ne6+ Kf7 33. Nxh7 Rg8 34. Nhg5+ Ke8 35. Rc1 Kd7 36. Qa4+ b5 37. Qxb5+ 1-0

[Event "*** Titled Tuesday Blitz"]
[Site "Chess.com"]
[Date "2019.11.05"]
[Round "9"]
[White "SanchezKelvin"]
[Black "tteshan"]
[Result "1-0"]
[WhiteElo "2496"]
[BlackElo "2310"]
[TimeControl "180+2"]
[EndTime "15:08:03 PST"]
[Termination "SanchezKelvin won by resignation"]

1. d4 d5 2. c4 dxc4 3. Nf3 Nf6 4.
e3 e6 5. Bxc4 a6 6. b3 b5 7. Be2 Bb7 8. Bb2 Nbd7 9. Nbd2 c5 10. a4 Qb6 11. O-O Be7 12. dxc5 Nxc5 13. axb5 axb5 14. Nd4 O-O 15. Nxb5 Rxa1 16. Qxa1 Ba6 17. Nd4 Bxe2 18. Nxe2 Nxb3 19. Nxb3 Qxb3 20. Bd4 Qd3 21. Nf4 Qf5 22. Qb1 Qg5 23. Nd3 h5 24. Qb7 Bd6 25. h3 e5 26. Qb5 Re8 27. f4 Qg3 28. Rf3 Qg6 29. fxe5 Rb8 30. Qc4 Rb1+ 31. Rf1 Rxf1+ 32.
Kxf1 Qf5+ 33. Kg1 Ne4 34. exd6 Nxd6 35. Qc2 Ne4 36. Nf2 Qxf2+ 37. Qxf2 Nxf2 38. Kxf2 f6 39. Kf3 Kf7 40. Kf4 Kg6 41. g4 hxg4 42. hxg4 Kf7 43. Kf5 Kf8 44. Kg6 Kg8 45. Bxf6 gxf6 46. Kxf6 1-0

[Event "*** Titled Tuesday Blitz"]
[Site "Chess.com"]
[Date "2019.11.05"]
[Round "9"]
[White "eldur16"]
[Black "arminmusovic"]
[Result "1-0"]
[WhiteElo "2577"]
[BlackElo "2431"]
[TimeControl "180+2"]
[EndTime "15:08:04 PST"]
[Termination "eldur16 won by checkmate"]

1. c4 e5 2. g3 Nf6 3. Bg2 c6 4.
d4 exd4 5. Qxd4 d5 6. Nf3 Nbd7 7. cxd5 Bc5 8. Qh4 cxd5 9. O-O O-O 10. Nc3 Re8 11.
Bg5 h6 12. Bxf6 Nxf6 13. Rad1 Bf5 14. Nd4 Be4 15. Nb3 Bxg2 16. Kxg2 Bb6 17. e3 Rc8 18. Rd3 Rc4 19. Qh3 Qe7 20. Rfd1 a5 21. Kg1 a4 22. Nd4 Bxd4 23. Rxd4 a3 24. Nxd5 Nxd5 25. Rxc4 axb2 26. Qf5 Nxe3 27. fxe3 Qxe3+ 28. Qf2 Qd3 29. Qf1 Qe3+ 30.
Kh1 Re6 31. Rd8+ Kh7 32. Qf5+ Rg6 33. Rcc8 Qc1+ 34. Kg2 Qc6+ 35. Kh3 Qxc8 36. Rxc8 h5 37. Rb8 b1=Q 38. Qxb1 Kh6 39. Rh8+ Kg5 40. Qb5+ f5 41. Qe5 h4 42. gxh4# 1-0

[Event "*** Titled Tuesday Blitz"]
[Site "Chess.com"]
[Date "2019.11.05"]
[Round "9"]
[White "marianokar"]
[Black "Marcus_Harvey"]
[Result "1-0"]
[WhiteElo "2493"]
[BlackElo "2623"]
[TimeControl "180+2"]
[EndTime "15:08:12 PST"]
[Termination "marianokar won on time"]

1. d4 Nf6 2. Nf3 e6 3. c4 b6 4. g3 Bb7 5. Bg2 c5 6. O-O cxd4 7. Qxd4 Be7 8. Nc3 Nc6 9. Qf4 d5 10. Rd1 Bd6 11. Qh4 O-O 12. cxd5 Nxd5 13. Nxd5 exd5 14. Bg5 Be7 15. Bxe7 Qxe7 16. Qxe7 Nxe7 17. Rac1 Rac8 18. Bh3 Rc5 19. b4 Rxc1 20. Rxc1 Ba6 21. Nd4 Bc4 22. a3 g6 23. e3 a6 24. f3 b5 25. Kf2 Ra8 26. Rb1 Kg7 27. Rb2 Ng8 28.
g4 h6 29. Bg2 Nf6 30. h4 Nd7 31. f4 Kf6 32. g5+ hxg5 33. hxg5+ Ke7 34. e4 dxe4 35.
Bxe4 Rh8 36. Kg3 Nb6 37. Rd2 Rc8 38. Bb7 Rh8 39. Nc6+ Ke6 40. Nd4+ Ke7 41. Bxa6 Ra8 42. Bxb5 Rxa3+ 43. Kg4 Bxb5 44. Nxb5 Rb3 45. Rd4 Rb1 46. Nc3 Rb3 47. Ne4 Nd7 48. Rxd7+ 1-0

[Event "*** Titled Tuesday Blitz"]
[Site "Chess.com"]
[Date "2019.11.05"]
[Round "9"]
[White "TregubovP"]
[Black "DinaBelenkaya"]
[Result "1-0"]
[WhiteElo "2575"]
[BlackElo "2340"]
[TimeControl "180+2"]
[EndTime "15:08:15 PST"]
[Termination "TregubovP won by resignation"]

1. e4 d5 2. exd5 Qxd5 3. Nc3 Qa5 4. d4 c6 5. Nf3 Bf5 6. Bc4 e6 7. Bd2 Nd7 8. O-O Qc7 9. Nh4 Bg6 10. h3 Bd6 11. Nxg6 hxg6 12. Ne4 Be7 13. Qf3 Ngf6 14. Bf4 Qb6 15. c3 Nxe4 16. Qxe4 Nf6 17. Qf3 O-O 18. b4 a5 19. a3 Nd5 20. Be5 Bf6 21.
Bxd5 Bxe5 22. Bxc6 bxc6 23. dxe5 c5 24. Rab1 Rfc8 25.
b5 c4 26. a4 Ra7 27. Rfd1 Rac7 28. Rd6 Qc5 29. Qe4 Qa3 30. b6 Rc5 31. b7 Rb8 32. Rd8+ Rxd8 33. b8=Q Rcc8 34. Qb5 Qxc3 35. Qe3 Qxe3 36.
fxe3 c3 37. Rc1 c2 38. Kh2 Rd2 39. Qxa5 Rd1 40. Qa6 Rc5 41. Qb6 Rc8 42. Qb7 Rc5 43. Qb2 Rd2 44. Qb4 Rd1 45. Qxc5 Rxc1 46. a5 1-0

[Event "*** Titled Tuesday Blitz"]
[Site "Chess.com"]
[Date "2019.11.05"]
[Round "9"]
[White "Kimster98"]
[Black "Storne89"]
[Result "0-1"]
[WhiteElo "2545"]
[BlackElo "2691"]
[TimeControl "180+2"]
[EndTime "15:08:16 PST"]
[Termination "Storne89 won by resignation"]

1. d4 Nf6 2. c4 e6 3. Nf3 d5 4. Nc3 a6 5. cxd5 exd5 6. Bg5 Be6 7. e3 Nbd7 8. Bd3 Bd6 9. O-O c6 10. Bf4 Qc7 11. Bxd6 Qxd6 12. Qc2 O-O 13. Rab1 c5 14. dxc5 Nxc5 15. Nd4 Rac8 16. h3 b5 17. a3 Nce4 18. Bxe4 Nxe4 19. Nde2 Bf5 20. Rbe1 Ng3 21. Qd2 Nxf1 22.
Rxf1 Rfd8 23. Rd1 Be6 24. Nd4 h6 25. Nce2 Bd7 26. Nc3 h5 27. h4 Bg4 28. f3 Bd7 29.
Nce2 Qf6 30. Qe1 Re8 31. Nf4 Qe5 32. Kf2 g6 33. Qd2 Re7 34. g3 Be8 35. Nde2 Rd8 36. Nd4 Rc7 37. Rc1 Rc4 38. b3 Rcc8 39. Re1 Qd6 40.
Qb4 Qf6 41. Qd2 Qb6 42. Rc1 Qd6 43. Rxc8 Rxc8 44. Qb4 Qe5 45. Qa5 Bd7 46. Qxa6 Re8 47. Nc2 Qc3 48. Nxd5 Qxc2+ 49. Ke1 Qc1+ 50. Ke2 Qb2+ 51.
Ke1 Kg7 52. Qd6 Rc8 0-1

[Event "*** Titled Tuesday Blitz"]
[Site "Chess.com"]
[Date "2019.11.05"]
[Round "9"]
[White "NemtsevIgor"]
[Black "victormago"]
[Result "0-1"]
[WhiteElo "2281"]
[BlackElo "2457"]
[TimeControl "180+2"]
[EndTime "15:08:16 PST"]
[Termination "victormago won by resignation"]

1. d4 Nf6 2. Bf4 c5 3. d5 d6 4. Nc3 g6 5. e4 Bg7 6. Nf3 O-O 7. Bd3 a6 8. a4 Bg4 9. h3 Bxf3 10. Qxf3 Nbd7 11. Qe2 Ne8 12. Bg3 Ne5 13. O-O Rc8 14.
f4 Nxd3 15. Qxd3 c4 16. Qd2 Qb6+ 17. Kh1 Qxb2 18. e5 Qb6 19. Rab1 Qc7 20. Ne4 dxe5 21.
f5 Nd6 22. Nxd6 Qxd6 23. Rxb7 Rfd8 24. Qf2 Bf6 25. fxg6 hxg6 26. Rb6 Qxd5 27. Rxf6 exf6 28. Qxf6 Rd6 29. Qg5 Re8 30. Re1 e4 31. Qh6 Rde6 32.
c3 e3 33. Kh2 e2 34. h4 Qh5 35. Qf4 Re4 36. Qf6 R8e6 37. Qd8+ Kg7 38. Kh3 Qf5+ 39. Kh2 Qf6 40. Qd2 Rxh4+ 41. Bxh4 Qxh4+ 42. Kg1 Qe4 43. Qg5 Qe3+ 44. Qxe3 Rxe3 45. Kf2 Rxc3 46. Kxe2 Ra3 47. Rc1 Rxa4 48. Ke3 f5 49. Kf4 Kf6 50. Rd1 g5+ 51.
Ke3 Ra3+ 52. Ke2 Rd3 53. Ra1 Rd6 54. Ra4 Rc6 55. Kd2 g4 56. Kc3 f4 57. Ra1 Kf5 58.
Rh1 f3 59. g3 Re6 60. Rh5+ Ke4 61. Rg5 f2 62. Rxg4+ Kf3 63. Rf4+ Kxg3 64. Rf7 Re3+ 65.
Kxc4 Rf3 66. Rg7+ Kf4 67. Rf7+ Ke3 68. Rxf3+ Kxf3 0-1

[Event "*** Titled Tuesday Blitz"]
[Site "Chess.com"]
[Date "2019.11.05"]
[Round "9"]
[White "IvanRadivojevic"]
[Black "timator"]
[Result "1/2-1/2"]
[WhiteElo "2525"]
[BlackElo "2666"]
[TimeControl "180+2"]
[EndTime "15:08:19 PST"]
[Termination "Game drawn by repetition"]

1. e4 c5 2. Nc3 g6 3. f4 Bg7 4. Nf3 e6 5. e5 d5 6. exd6 Qxd6 7.
Bb5+ Bd7 8. Bxd7+ Nxd7 9. d3 Ngf6 10. O-O O-O 11. Kh1 a6 12. Ne4 Nxe4 13. dxe4 Qxd1 14.
Rxd1 Rad8 15. Be3 Bxb2 16. Rab1 Bg7 17. e5 b5 18. Rd6 Nb8 19. Bxc5 Rxd6 20. Bxd6 Rc8 21.
a4 Nd7 22. axb5 axb5 23. Rxb5 Rxc2 24. g3 Rf2 25. Rb7 Rxf3 26. Rxd7 h6 27. Rd8+ Kh7 28. Rd7 Kg8 29. Be7 g5 30. Kg2 Rb3 31. fxg5 hxg5 32.
Bxg5 Bxe5 33. Bh6 Kh7 34. Bf4 Bf6 35. Rxf7+ Kg6 36. Ra7 e5 37. Bc1 Rb1 38. Rc7 Kf5 39. h3 e4 40. Rc5+ Ke6 41. g4 Bd4 42. Rc8 Kd5 43. h4 Bc5 44. Bf4 Rb2+ 45. Kh3 Rb3+ 46. Kg2 Rb2+ 47. Kh3 Rb3+ 48. Kg2 Rb2+ 1/2-1/2